 Dungeon Crawl Stone Soup version 0.31.0-9-g3a7656b989 (webtiles) character file.

Game seed: 3712466800939477853

199 monsoonserge the Magician (level 6, -6/41 HPs)
             Began as a Djinni Ice Elementalist on Jan 25, 2024.
             Killed by psychic fangs
             ... invoked by a brain worm
              (8 damage)
             ... in a sewer.
             The game lasted 00:14:01 (2159 turns).

monsoonserge the Magician (Djinni Ice Elementalist) Turns: 2159, Time: 00:14:02

Health: -6/41      AC:  8    Str:  7    XL:     6   Next: 6%
Gold:   157        EV: 10    Int: 18    God:
                   SH:  0    Dex: 17

rFire   + + .        h - +0 short sword
rCold   x . .        (no shield)
rNeg    + . .        u - +1 ring mail "Piazo" {rN+ Dex+3 Stlth+}
rPois   ∞            b - +0 helmet
rElec   .            i - +0 cloak
rCorr   .            (no gloves)
SInv    .            (boots unavailable)
Will    .....        (no amulet)
Stlth   ++           (no ring)
HPRegen 0.26/turn    (no ring)
MPRegen 0.00/turn

%: infuse magic (-7 HP)
@: brilliant, flying, very slightly contaminated
A: sickness immunity, fire resistance 2, cold vulnerability 1, float, innate
caster, HP casting, extra vitality 1
a: no special abilities


You were in a sewer.
You visited 1 branch of the dungeon, and saw 5 of its levels.
You also visited: Sewer.

You collected 157 gold pieces.

Inventory:

Hand Weapons
 h - a +0 short sword (weapon)
Missiles
 s - 2 boomerangs
Armour
 b - a +0 helmet (worn)
 i - a +0 cloak (worn)
 o - a +0 leather armour
 t - a +1 ring mail of fire resistance
 u - the +1 ring mail "Piazo" (worn) {rN+ Dex+3 Stlth+}
   (You found it on level 4 of the Dungeon)

   Dex+3:     It affects your dexterity (+3).
   rN+:       It protects you from negative energy.
   Stlth+:    It makes you more stealthy.
Scrolls
 a - a scroll of fog {unknown}
 e - a scroll of enchant weapon {unknown}
 f - a scroll of fear {unknown}
 g - 2 scrolls of blinking {unknown}
 j - a scroll of brand weapon {unknown}
 k - 2 scrolls of teleportation {unknown}
 p - a scroll of summoning
 q - a scroll of poison {unknown}
 r - a scroll of vulnerability
Potions
 d - a potion of might
 l - a potion of curing {unknown}
 m - a potion of haste {unknown}
 n - a potion of magic


   Skills:
 + Level 0.7 Fighting
 + Level 0.7 Short Blades
 + Level 0.2 Maces & Flails
 * Level 1.6 Armour
 - Level 3.0 Dodging
 - Level 2.0 Stealth
 * Level 4.8 Spellcasting
 * Level 4.8 Conjurations
 * Level 4.8 Hexes
 * Level 4.8 Summonings
 * Level 4.8 Necromancy
 * Level 4.8 Translocations
 * Level 4.8 Fire Magic
 * Level 4.8 Ice Magic
 * Level 4.8 Air Magic
 * Level 4.8 Earth Magic
 * Level 4.8 Alchemy


You knew the following spells:

 Your Spells              Type           Power      Damage    Failure   Level
a - Freeze                Ice            100%       1d10      6%          1
b - Frozen Ramparts       Ice            64%        1d10      19%         3
c - Ozocubu's Armour      Ice            32%        N/A       19%         3
d - Summon Ice Beast      Ice/Summ       32%        N/A       19%         3
e - Apportation           Tloc           64%        N/A       6%          1
f - Lesser Beckoning      Tloc           64%        N/A       10%         2
Your spell library was empty.

Dungeon Overview and Level Annotations

Branches:
Dungeon (5/15)              Sewer (1/1)
 Temple: D:4-7

Altars:


Innate Abilities, Weirdness & Mutations

You are immune to sickness and miasma.
You are immune to poison.
Your flesh is very heat resistant. (rF++)
You are vulnerable to cold. (rC-)
You float through the air rather than walking.
You learn spells naturally, not from books.
Your magical power is your life essence.
You have superior vitality. (+4 MHP)


Message History

The brain worm's bulging head throbs.
Something gnaws heavily on your mind!
The brain worm bites you but does no damage.
Casting: Freeze (safe; 6% risk of failure)
Confirm with . or Enter, or press ? or * to list all spells.
Aiming: Freeze (safe; 6% risk of failure)
Press: ? - help, Shift-Dir - straight line, f - brain worm
Aim: a brain worm You freeze the brain worm.
The brain worm is moderately wounded.
The brain worm barely misses you.
Unknown command.
Casting: Freeze (safe; 6% risk of failure)
Confirm with . or Enter, or press ? or * to list all spells.
Aiming: Freeze (safe; 6% risk of failure)
Press: ? - help, Shift-Dir - straight line, f/p - brain worm
Aim: a brain worm (moderately wounded)
You freeze the brain worm.
The brain worm is moderately wounded.
The brain worm's bulging head throbs.
Something gnaws heavily on your mind!
Casting: Freeze (safe; 6% risk of failure)
Confirm with . or Enter, or press ? or * to list all spells.
Aiming: Freeze (safe; 6% risk of failure)
Press: ? - help, Shift-Dir - straight line, f/p - brain worm
Aim: a brain worm (moderately wounded)
You miscast Freeze.
You are very lightly contaminated with residual magic.
Nothing appears to happen.
The brain worm's throbbing head pulsates.
Something gnaws heavily on your mind!
* * * LOW HITPOINT WARNING * * *
Casting: Freeze (safe; 6% risk of failure)
Confirm with . or Enter, or press ? or * to list all spells.
Okay, then.
It was a potion of brilliance.
You feel clever all of a sudden.
The brain worm's throbbing head pulsates.
Something gnaws heavily on your mind!
You die...

#≈≈≈≈≈≈≈≈≈≈≈≈≈
##≈≈≈≈≈≈≈≈≈≈≈≈≈
#≈≈≈≈≈≈≈≈≈≈≈l≈≈
###≈≈≈≈≈≈≈≈≈≈≈≈≈≈
#≈≈≈≈≈≈≈≈≈≈≈≈≈≈≈≈
##≈≈≈≈≈≈≈≈≈≈≈≈≈≈≈≈
#≈≈≈≈≈≈≈≈≈≈≈~~≈≈≈≈
##≈≈≈≈≈≈≈≈≈@w#
####≈≈≈≈≈≈≈≈≈~~.#
#≈≈≈≈≈≈≈≈≈≈≈~####
#≈≈≈≈≈≈≈≈≈≈~#
##≈≈≈≈≈≈≈≈≈~#
#≈≈≈≈≈≈≈≈≈.##
##≈≈≈≈≈≈≈≈~##
#≈≈≈≈≈≈≈≈≈~.#
##≈≈≈≈≈≈≈~###


You could see a brain worm and a frilled lizard (asleep).

Vanquished Creatures
  A scorpion (D:4)
  3 adders (D:2)
  A river rat (D:3)
  A ribbon worm (D:2)
  4 orcs (D:4)
  7 ball pythons
  6 bats
  7 endoplasms
  4 giant cockroaches
  6 goblins
  5 hobgoblins
  2 jackals (D:4)
  4 quokkas (D:1)
  3 frilled lizards
  6 kobolds
  6 rats
66 creatures vanquished.

Vanquished Creatures (collateral kills)
  An orc priest (D:4)
1 creature vanquished.

Grand Total: 67 creatures vanquished

Notes
Turn   | Place    | Note
-------+----------+-------------------------------------------
     0 | D:1      | monsoonserge the Djinni Ice Elementalist began the quest
                  | for the Orb.
     0 | D:1      | monsoonserge set off with the following spells memorised:
                  | Freeze, Frozen Ramparts, Ozocubu's Armour, Summon Ice
                  | Beast.
     0 | D:1      | Reached XP level 1. HP: 15/15 MP: 0/0
   277 | D:1      | Reached XP level 2. HP: 19/21 MP: 0/0
   710 | D:1      | Reached XP level 3. HP: 24/25 MP: 0/0
   710 | D:1      | Learned a level 1 spell: Apportation
  1232 | D:2      | Reached XP level 4. HP: 30/31 MP: 0/0
  1868 | D:3      | You are sucked into a shaft and drop 2 floors!
  1868 | D:5      | Entered Level 5 of the Dungeon
  1884 | D:4      | Noticed a black bear
  1916 | D:4      | Noticed a scorpion
  1925 | D:4      | Killed a scorpion
  1926 | D:4      | Reached skill level 1 in Armour
  1926 | D:4      | Reached XP level 5. HP: 15/36 MP: 0/0
  1926 | D:4      | Learned a level 2 spell: Lesser Beckoning
  1974 | D:4      | Identified the +1 ring mail "Piazo" {rN+ Dex+3 Stlth+}
  2047 | D:3      | Found a glowing drain.
  2061 | D:3      | Reached XP level 6. HP: 30/41 MP: 0/0
  2067 | Sewer    | Entered a sewer
  2158 | Sewer    | HP: 1/41 [brain worm/psychic fangs (16)]
  2159 | Sewer    | Killed from afar by a brain worm

Illustrated notes

Levels and vault maps discovered:
D:1:      dpeg_arrival_round_b, layout_loops_corners, kennysheep_nondescript
D:2:      minmay_spotlight, layout_rooms, amethyst_killhole,
          nicolae_concentric_dashed_squares_mild
D:3:      layout_rooms, portal_sewer_entry_b, chequers_serial_rivers_micro_e,
          minmay_lizard_king, uniq_grinder
D:4:      layout_rooms, minmay_temple_entry_gardened_gates,
          kennysheep_cluttered_room, chequers_mini_garden, grunt_ministairs_9,
          uniq_menkaure, uniq_blork_the_orc
D:5:      layout_basic, mainiacjoe_overflow_cross_hatched, chei_slow_surprise,
          kennysheep_boxes, uniq_prince_ribbit1
Sewer:    sewer_co_pargi_island

Skill      XL: |  1  2  3  4 |
---------------+-------------+-----
Stealth        | 2 |  2.0
Spellcasting   | 4 |  4.8
Conjurations   | 4 |  4.8
Hexes          | 4 |  4.8
Summonings     | 4 |  4.8
Necromancy     | 4 |  4.8
Translocations | 4 |  4.8
Fire Magic     | 4 |  4.8
Ice Magic      | 4 |  4.8
Air Magic      | 4 |  4.8
Earth Magic    | 4 |  4.8
Alchemy        | 4 |  4.8
Dodging        | 3 |  3.0
Armour         | 1 |  1.6
Fighting       | |  0.7
Short Blades   | |  0.7
Maces & Flails | |  0.2

Action                     |  1- 3 |  4- 6 || total
---------------------------+-------+-------++-------
  Melee: Mace              |     9 |       ||     9
         Short sword       |    32 |    19 ||    51
   Cast: Freeze            |    35 |    45 ||    80
         Summon Ice Beast  |       |     3 ||     3
         Ozocubu's Armour  |       |     2 ||     2
         Frozen Ramparts   |       |     2 ||     2
    Use: Scroll            |       |     2 ||     2
         Potion            |       |     3 ||     3
   Stab: Sleeping          |     5 |     2 ||     7
 Armour: Robe              |    32 |       ||    32
         Leather armour    |     2 |    26 ||    28
         Ring mail         |       |     7 ||     7
  Dodge: Dodged            |    41 |    57 ||    98
